AoeStats
← Blyad _Mann

Arena

508695260Analyzed
4v4 RM · 8d ago on Sep 23, 2026· 49m 19s· 8 players
Game mode
Random Map
Map size
Large (8 player)
Population
200
Speed
Normal
Resources
Standard
Victory
Conquest
Starting age
Dark Age
Ending age
Imperial Age
RankedLock teamsTeams togetherTeam positionsShared explorationLock speedFull tech treeHidden civsTurbo modeCheats
Victory
Defeat
🇪🇸 Burgundians · Spain
972
+12
🇧🇷 Khitans · Brazil
963
+13
🇧🇷 Mongols · Brazil
924
+14
🇦🇹 Malians · Austria
864
+17
🇳🇱 Danes · Netherlands
1012
-19
🇪🇸 Turks · Spain
863
-13
🇺🇦 Hindustanis · Ukraine
836
-12
🇻🇳 Franks · Vietnam
828
-12
Will
9:14 Feudal Age
14:05 Castle Age
12:07 Horse Collar
12:59 Double-Bit Axe
15:39 Bow Saw
19:00 Loom
23:50 Heavy Plow
25:25 Gold Mining
25:28 Stone Mining
25:36 Fletching
29:28 Wheelbarrow
32:05 Imperial Age
30:48 Gold Shaft Mining
30:25 Bodkin Arrow
31:26 Hand Cart
31:29 Padded Archer Armor
31:37 Scale Barding Armor
31:35 Nomads
33:07 Stone Shaft Mining
32:58 Elite Mangudai
34:04 Bracer
34:20 Leather Archer Armor
34:55 Conscription
35:17 Chain Barding Armor
36:48 Husbandry
36:59 Bloodlines
36:15 Light Cavalry
38:20 Forging
39:43 Chemistry
39:04 Ballistics
38:23 Hussar
41:21 Iron Casting
46:29 Elite Steppe Lancer
elke
3:27 Loom
10:17 Feudal Age
10:47 Double-Bit Axe
14:02 Wheelbarrow
13:43 Gold Mining
16:37 Stone Mining
20:08 Castle Age
20:37 Crossbowman
21:53 Bow Saw
26:39 Tigui
30:20 Imperial Age
32:38 Hand Cart
32:24 Capped Ram
34:20 Conscription
34:02 Murder Holes
34:28 Ballistics
35:23 Husbandry
35:55 Squires
35:56 Pikeman
38:36 Fletching
38:47 Padded Archer Armor
38:48 Scale Mail Armor
41:27 Scale Barding Armor
41:32 Forging
41:18 Bodkin Arrow
41:09 Cavalier
46:02 Elite Gbeto
46:19 Arbalester
47:18 Thumb Ring
49:11 Farimba
49:04 Town Watch
49:45 Chain Barding Armor
marcosprojj
12:32 Feudal Age
13:22 Loom
16:32 Castle Age
15:29 Double-Bit Axe
21:47 Forging
21:38 Scale Mail Armor
25:39 Domestication
28:31 Pastoralism
30:51 Bow Saw
37:30 Imperial Age
35:13 Squires
34:59 Arson
36:24 Chain Mail Armor
36:44 Iron Casting
36:19 Stone Mining
36:20 Gold Mining
37:38 Fortified Wall
37:39 Masonry
37:10 Treadmill Crane
38:35 Wheelbarrow
38:38 Stone Shaft Mining
40:23 Two-Man Saw
39:57 Transhumance
40:13 Hand Cart
41:12 Chemistry
40:11 Murder Holes
ElusiveDrake803
11:12 Feudal Age
9:55 Double-Bit Axe
9:57 Horse Collar
14:28 Loom
17:07 Castle Age
15:49 Bow Saw
15:43 Heavy Plow
18:18 Wheelbarrow
22:51 Gold Mining
28:46 Imperial Age
27:24 Crop Rotation
27:24 Hand Cart
28:15 Husbandry
28:29 Masonry
28:33 Forging
28:23 Cavalier
30:03 Burgundian Vineyards
31:50 Chemistry
31:21 Architecture
32:20 Iron Casting
33:18 Two-Man Saw
34:11 Blast Furnace
34:13 Conscription
35:47 Scale Barding Armor
35:43 Scale Mail Armor
36:10 Fletching
36:20 Padded Archer Armor
36:56 Stone Mining
37:42 Gold Shaft Mining
37:24 Chain Mail Armor
38:35 Pikeman
39:15 Squires
39:48 Plate Mail Armor
39:13 Bodkin Arrow
39:34 Leather Archer Armor
39:40 Chain Barding Armor
41:07 Halberdier
42:15 Elite Coustillier
44:20 Plate Barding Armor
43:45 Bracer
45:00 Ballistics
45:01 Bombard Tower
44:37 Murder Holes
Blyad _Mann
0:29 Loom
12:16 Feudal Age
12:45 Horse Collar
12:51 Double-Bit Axe
18:52 Castle Age
17:22 Stone Mining
17:24 Gold Mining
19:59 Bow Saw
21:24 Gold Shaft Mining
21:33 Wheelbarrow
26:25 Scale Mail Armor
30:42 Imperial Age
28:49 Squires
28:38 Arson
28:41 Gambesons
29:54 Hand Cart
30:08 Forging
31:27 Iron Casting
31:07 Chain Mail Armor
31:20 Pikeman
33:41 Elite Jomsviking
34:34 Elite Varangian Guard
35:49 Plate Mail Armor
36:19 Blast Furnace
39:29 Conscription
40:48 Heavy Plow
43:52 Fletching
44:02 Padded Archer Armor
44:28 Thumb Ring
43:44 Elite Skirmisher
45:14 Bodkin Arrow
He
0:28 Loom
10:36 Feudal Age
18:42 Castle Age
16:51 Double-Bit Axe
16:49 Horse Collar
17:16 Stone Mining
17:26 Gold Mining
30:17 Imperial Age
28:12 Heavy Plow
28:32 Bow Saw
31:19 Wheelbarrow
31:21 Forging
31:38 Conscription
31:28 Husbandry
32:00 Scale Barding Armor
32:21 Murder Holes
33:51 Hand Cart
34:50 Stone Shaft Mining
34:19 Town Watch
36:10 Chemistry
36:04 Iron Casting
35:50 Chain Barding Armor
36:34 Gold Shaft Mining
36:14 Siege Engineers
36:30 Ballistics
36:07 Heavy Camel Rider
36:59 Bloodlines
37:52 Blast Furnace
37:57 Grand Trunk Road
38:16 Fortified Wall
39:09 Two-Man Saw
40:54 Imperial Camel Rider
41:33 Elite Ghulam
43:02 Plate Barding Armor
42:28 Scale Mail Armor
42:35 Squires
patatitoRTILLA
5:05 Loom
7:28 Loom
11:53 Feudal Age
12:38 Double-Bit Axe
16:09 Castle Age
17:09 Bow Saw
19:22 Wheelbarrow
22:02 Squires
23:26 Hand Cart
22:56 Loom
eppas123
0:41 Loom
10:32 Feudal Age
11:14 Double-Bit Axe
13:04 Gold Mining
18:51 Castle Age
19:48 Bow Saw
26:45 Wheelbarrow
30:23 Gold Shaft Mining
30:11 Hand Cart
32:34 Imperial Age
33:10 Husbandry
33:27 Forging
33:22 Scale Barding Armor
33:47 Cavalier
36:06 Pikeman
36:47 Squires
36:32 Arson
37:35 Chain Barding Armor
37:16 Scale Mail Armor
37:51 Iron Casting
38:27 Halberdier
39:30 Chain Mail Armor
43:55 Paladin
Connection lost

Rejoining the realm…

Still unreachable

The connection could not be restored.

Session expired

The server has moved on; the page needs a fresh start.